AoeStats
← Gab7292

Arena

507575275Analyzed
1v1 RM · 13d ago on Sep 18, 2026· 55m 35s· 2 players
Game mode
Random Map
Map size
Tiny (2 player)
Population
200
Speed
Normal
Resources
Standard
Victory
Conquest
Starting age
Dark Age
Ending age
Imperial Age
RankedLock teamsTeams togetherTeam positionsShared explorationLock speedFull tech treeHidden civsTurbo modeCheats
Victory
Defeat
🇩🇪 Poles · Germany
945
+14
🇨🇦 Bohemians · Canada
891
-14
passch
4:26 Loom
11:08 Feudal Age
12:11 Double-Bit Axe
12:21 Horse Collar
17:37 Castle Age
19:29 Bow Saw
20:23 Wheelbarrow
21:37 Heavy Plow
24:21 Gold Mining
24:25 Stone Mining
26:28 Stone Shaft Mining
27:50 Scale Barding Armor
27:56 Forging
27:50 Husbandry
28:00 Bloodlines
31:11 Imperial Age
29:47 Bloodlines
29:45 Szlachta Privileges
30:37 Chain Barding Armor
30:53 Iron Casting
30:11 Town Watch
30:42 Hand Cart
32:39 Crop Rotation
32:12 Town Patrol
31:44 Cavalier
32:54 Conscription
35:00 Blast Furnace
35:12 Light Cavalry
37:03 Winged Hussar
39:41 Lechitic Legacy
40:53 Padded Archer Armor
40:44 Fletching
42:06 Leather Archer Armor
42:10 Elite Skirmisher
42:55 Thumb Ring
43:14 Ballistics
43:55 Chemistry
43:01 Siege Engineers
43:19 Bodkin Arrow
44:23 Bracer
45:10 Hoardings
Gab7292
10:39 Feudal Age
8:55 Loom
15:33 Castle Age
14:11 Double-Bit Axe
14:08 Horse Collar
23:41 Bow Saw
24:25 Heavy Plow
26:52 Wheelbarrow
27:35 Fervor
27:48 Sanctity
28:22 Ballistics
30:35 Imperial Age
28:27 Hand Cart
28:38 Padded Archer Armor
28:28 Fletching
28:03 Elite Skirmisher
29:39 Leather Archer Armor
30:32 Chemistry
31:26 Leather Archer Armor
31:06 Bodkin Arrow
32:36 Two-Man Saw
36:16 Ring Archer Armor
35:47 Bracer
36:26 Pikeman
37:08 Scale Mail Armor
37:21 Forging
37:19 Halberdier
42:05 Chain Mail Armor
42:25 Iron Casting
45:36 Plate Mail Armor
46:07 Blast Furnace
Connection lost

Rejoining the realm…

Still unreachable

The connection could not be restored.

Session expired

The server has moved on; the page needs a fresh start.